 Dungeon Crawl Stone Soup version 0.29.1-12-g30fa7ad0bf (webtiles) character file.

Game seed: 13777074540428871296

583 DildoBatman the Conjurer (level 7, -3/49 (52) HPs)
             Began as a Formicid Conjurer on Dec 12, 2022.
             Slain by an orc warrior
             ... wielding a +0 battleaxe
              (18 damage)
             ... on level 6 of the Dungeon.
             The game lasted 00:12:25 (5710 turns).

DildoBatman the Conjurer (Formicid Conjurer)        Turns: 5710, Time: 00:12:25

HP:   -3/49 (52)    AC:  7    Str: 19    XL:     7   Next: 64%
MP:   3/14          EV: 12    Int: 18    God:
Gold: 274           SH:  0    Dex: 12    Spells: 6/15 levels left

rFire   . . .      SeeInvis +   b - +2 war axe of Istishue {venom, Str+8 Int-2}
rCold   . . .      Faith    .   (no shield)
rNeg    . . .      Spirit   .   s - +0 robe
rPois   .          Reflect  .   (helmet unavailable)
rElec   .          Harm     .   (no cloak)
rCorr   .          Rampage  .   c - +3 pair of gauntlets of War {Slay+5}
Will    .....                   x - +0 pair of boots
Stlth   ++........              (no amulet)
HPRegen 0.16/turn               f - ring of wizardry
MPRegen 0.14/turn               (no ring)

@: drained
A: permanent stasis, dig shafts and tunnels, antennae 3, four strong arms
a: Dig, Shaft Self


You were on level 6 of the Dungeon.
You visited 1 branch of the dungeon, and saw 6 of its levels.

You collected 274 gold pieces.

Inventory:

Hand Weapons
 a - a +0 sling
 b - the +2 war axe of Istishue (weapon) {venom, Str+8 Int-2}
   (You found it on level 2 of the Dungeon)

   It poisons the flesh of those it strikes.
   Str:       It affects your strength (+8).
   Int:       It affects your intelligence (-2).
Missiles
 e - 5 poisoned darts (quivered)
 k - 30 stones
 l - 3 boomerangs
Armour
 c - the +3 pair of gauntlets of War (worn) {Slay+5}
   (You found it on level 5 of the Dungeon)

   Slay:      It affects your accuracy & damage with ranged weapons and melee
   (+5).
 g - a scarf of harm
 s - a +0 robe (worn)
 x - a +0 pair of boots (worn)
Jewellery
 f - a ring of wizardry (left hand)
Scrolls
 h - 2 scrolls of butterflies {unknown}
 i - a scroll of enchant armour {unknown}
 m - 2 scrolls of poison {unknown}
 o - a scroll of identify {unknown}
 p - a scroll of acquirement {unknown}
 v - a scroll of silence {unknown}
 w - a scroll of immolation {unknown}
Potions
 d - 4 potions of curing {unknown}
 j - 2 potions of brilliance {unknown}
 n - a potion of invisibility {unknown}
 q - 2 potions of heal wounds {unknown}
 r - a potion of magic
 t - a potion of berserk rage {unknown}
 u - a potion of might {unknown}
 z - a potion of mutation {unknown}


   Skills:
 - Level 3.0 Fighting
 - Level 3.0 Armour
 - Level 2.0 Dodging
 - Level 2.4 Stealth
 * Level 4.8 Spellcasting
 * Level 5.4 Conjurations
 * Level 0.1 Fire Magic
 * Level 0.1 Air Magic
 * Level 0.4 Poison Magic


You had 6 spell levels left.
You knew the following spells:

 Your Spells              Type           Power      Damage    Failure   Level
a - Searing Ray           Conj           46%        2d6       1%          2
b - Conjure Flame         Conj/Fire      14%        6-21      5%          3
c - Magic Dart            Conj           92%        1d7       1%          1
e - Mephitic Cloud        Conj/Pois/Air  11%        N/A       8%          3

Your spell library contained the following spells:

 Spells                   Type           Power      Damage    Failure   Level
 Dazzling Flash           Conj/Hex       28%        N/A       5%          3
 Ignite Poison            Fire/Tmut/Pois 5%         N/A       16%         3
 Sticky Flame             Conj/Fire      14%        2d4       16%         4
 Fulminant Prism          Conj/Hex       7%         3d7       17%         4
 Iskenderun's Mystic Bla  Conj/Tloc      14%        2d5       17%         4
 Freezing Cloud           Conj/Ice/Air   5%         6-21      54%         5


Dungeon Overview and Level Annotations

Branches:
Dungeon (6/15)
 Temple: D:4-7

Altars:
Cheibriados
Dithmenos
Elyvilon
Okawaru
Vehumet
Yredelemnul
Zin

Shops:
D:3 (

Annotations:
D:3 exclusion: 4 sensed monsters (detected), Sigmund, Terence
D:4 exclusions: orc priest and 2 sensed monsters (detected)
D:5 exclusions: 2 scorpions and 2 sensed monsters (detected), Ijyb
D:6 exclusion: ice beast


Innate Abilities, Weirdness & Mutations

You cannot be hasted, slowed, berserked, paralysed or teleported.
You can dig through walls and to a lower floor.
You have a pair of large antennae on your head. (SInv)
Your four strong arms can wield two-handed weapons with a shield.


Message History

The stinking cloud engulfs the orc but does no damage.
The orc is severely wounded.
The orc warrior is engulfed in noxious fumes.
The orc is engulfed in noxious fumes.
The orc appears confused.
You shoot a sling bullet.
The sling bullet hits the orc warrior but does no damage.
The orc warrior is heavily wounded.
The orc warrior hits you with a +0 battleaxe.
The orc is engulfed in noxious fumes.
The orc appears confused.
You feel stronger.
You feel stupid.
The +2 war axe of Istishue {venom, Str+8 Int-2} begins to drip with poison!
b - the +2 war axe of Istishue (weapon)
{venom, Str+8 Int-2} The orc is engulfed in noxious fumes.
The orc appears confused.
The orc hits the orc warrior but does no damage.
The orc warrior barely misses you.
You retract your mandibles.
You hit the orc warrior but do no damage.
The orc warrior is heavily wounded.
The orc warrior barely misses you.
The orc is engulfed in noxious fumes.
The orc appears confused.
The orc misses the orc warrior.
You completely miss the orc warrior.
The orc warrior is heavily wounded.
The orc warrior hits you with a +0 battleaxe!!
The orc closely misses the orc warrior.
The orc closely misses itself.
The orc warrior hits you with a +0 battleaxe.
You hit the orc warrior.
The orc warrior is severely wounded.
The orc warrior hits you with a +0 battleaxe.
You hit the orc warrior.
The orc warrior is poisoned.
The orc warrior is almost dead.
The orc warrior hits you with a +0 battleaxe!!
You die...

#.. ###. ###..#
#..... ##.†#.
####..#. #.......
### #....... #@##
#....... ##o####
##.#.... ####o).#
###.....
#..#...#####.#.....
#........##........
#..........#.......
####o....○........#
#......°☼......#
#......°_......#


You could see an orc warrior (very poisoned) and an orc (confused).

Vanquished Creatures
  A kobold brigand (D:6)
  3 scorpions
  A hound (D:6)
  A jelly (D:5)
  A gnoll bouda (D:6)
  An iguana (D:6)
  An orc wizard (D:6)
  6 adders
  5 gnolls
  2 worms (D:2)
  5 dart slugs
  2 orcs (D:6)
  5 endoplasms
  3 giant cockroaches
  6 goblins
  6 hobgoblins
  7 jackals
  5 quokkas
  7 ball pythons
  2 bats (D:2)
  A frilled lizard (D:1)
  8 kobolds
  9 rats
88 creatures vanquished.

Notes
Turn   | Place    | Note
-------+----------+-------------------------------------------
     0 | D:1      | DildoBatman the Formicid Conjurer began the quest for the
                  | Orb.
     0 | D:1      | Reached XP level 1. HP: 13/13 MP: 3/3
   217 | D:1      | Found a faded altar of an unknown god.
   353 | D:1      | Reached XP level 2. HP: 6/20 MP: 0/5
   356 | D:1      | Learned a level 2 spell: Searing Ray
  1433 | D:2      | Reached skill level 1 in Fighting
  1434 | D:2      | Reached skill level 1 in Armour
  1434 | D:2      | Reached XP level 3. HP: 3/26 MP: 0/6
  1498 | D:2      | Learned a level 3 spell: Conjure Flame
  1773 | D:2      | Reached XP level 4. HP: 32/32 MP: 2/8
  1799 | D:2      | Reached skill level 4 in Conjurations
  1988 | D:2      | Identified the +2 war axe of Istishue {venom, Str+8 Int-2}
  2281 | D:3      | Noticed Terence
  2297 | D:3      | You fall into a shaft and drop 2 floors!
  2297 | D:5      | Entered Level 5 of the Dungeon
  2297 | D:5      | Found a basalt altar of Yredelemnul.
  2634 | D:4      | Found an iron altar of Okawaru.
  2735 | D:3      | Reached XP level 5. HP: 30/38 MP: 5/9
  2944 | D:3      | Found Wadon's Weapon Shop.
  2985 | D:3      | Found a snail-covered altar of Cheibriados.
  3329 | D:3      | Noticed Sigmund
  3665 | D:4      | Found a glowing silver altar of Zin.
  4092 | D:5      | Reached XP level 6. HP: 21/46 MP: 1/11
  4364 | D:5      | Found the +3 pair of gauntlets of War {Slay+5}
  4465 | D:5      | Noticed Ijyb
  4611 | D:5      | Found a shadowy altar of Dithmenos.
  5304 | D:6      | Reached XP level 7. HP: 47/52 MP: 7/13
  5403 | D:6      | Reached skill level 5 in Conjurations
  5578 | D:6      | Found a white marble altar of Elyvilon.
  5662 | D:6      | Found a radiant altar of Vehumet.
  5682 | D:6      | Learned a level 3 spell: Mephitic Cloud
  5710 | D:6      | Slain by an orc warrior

Illustrated notes

Levels and vault maps discovered:
D:1:      kilobyte_arrival_exit_the_forest, layout_basic,
          shapermc_ecumenical_altar_totnotflames
D:2:      layout_loops_cross
D:3:      layout_loops_corners, mainiacjoe_overflow_small_starburst,
          serial_shops, shop, minmay_fountain_box, minmay_rat_hole,
          uniq_sigmund, uniq_robin, uniq_terence
D:4:      layout_cave_pools, kennysheep_little_box,
          mainiacjoe_overflow_six_doors_small, lightli_corner_chamber
D:5:      layout_basic, lemuel_round_altar, mainiacjoe_overflow_catwalk,
          uniq_menkaure, uniq_ijyb
D:6:      layout_cave_pools, lemuel_round_altar, fiery_altar_vehumet,
          eino_small_chamber_without_monster

Skill      XL: |  1  2  3  4  5  6  7 |
---------------+----------------------+-----
Dodging        | 2 |  2.0
Fighting       | 1 2 3 |  3.0
Armour         | 1 2 3 |  3.0
Conjurations   | 4 5 |  5.4
Spellcasting   | 3 4 |  4.8
Stealth        | |  2.4
Fire Magic     | |  0.1
Air Magic      | |  0.1
Poison Magic   | |  0.4

Action                   |  1- 3 |  4- 6 |  7- 9 || total
-------------------------+-------+-------+-------++-------
Melee: Unarmed           |     7 |       |       ||     7
       Short sword       |     2 |       |       ||     2
       Mace              |    17 |       |       ||    17
       Punch             |     1 |     1 |     1 ||     3
       Trident           |       |    22 |       ||    22
       War axe           |       |    26 |    26 ||    52
 Fire: Sling             |       |    22 |     8 ||    30
 Cast: Magic Dart        |    28 |    22 |     3 ||    53
       Searing Ray       |     5 |    13 |     6 ||    24
       Conjure Flame     |       |       |     2 ||     2
       Mephitic Cloud    |       |       |     1 ||     1
 Abil: Shaft Self        |       |     1 |       ||     1
       Dig               |       |       |     1 ||     1
  Use: Scroll            |       |     1 |       ||     1
 Stab: Sleeping          |     3 |     2 |       ||     5
Armor: Robe              |     6 |    22 |    10 ||    38
Dodge: Dodged            |    21 |    37 |    14 ||    72
